 Seeded DCSS version 0.30.1 (webtiles) character file.

Game seed: 6351066067085065685 (custom seed)

113773 Esekla the Eclecticist (level 16, -13/96 HPs)
             Began as a Deep Elf Necromancer on July 8, 2023.
             Was the Champion of Vehumet.
             Killed from afar by a balrug (47 damage)
             ... with a fireball
             ... in a Gauntlet on July 9, 2023.
             The game lasted 04:39:44 (28770 turns).

Esekla the Eclecticist (Deep Elf Necromancer)      Turns: 28770, Time: 04:39:45

Health: -13/96     AC: 19    Str:  7    XL:     16   Next: 14%
Magic:  41/41      EV: 16    Int: 32    God:    Vehumet [******]
Gold:   757        SH:  5    Dex: 15    Spells: 0/53 levels left

rFire   . . .        a - +5 scimitar
rCold   . . .        F - +0 buckler
rNeg    + . .        N - +3 leather armour of Okawaru's Inspiration {Str+4}
rPois   +            y - +2 helmet {Int+3}
rElec   +            J - +1 cloak
rCorr   .            h - +0 pair of gloves
SInv    .            K - +1 pair of boots {rampage}
Will    +....        A - amulet of magic regeneration
Stlth   +            G - ring of Greed {rElec rPois rN+ AC+4 Str-2}
HPRegen 0.36/turn    T - ring of the Mage {Wiz Archmagi}
MPRegen 0.67/turn

%: no teleportation, rampage, wizardry (x1), archmagi
@: on fire, glowing, studying Fighting
A: no striking features
a: Renounce Religion


You were in a Gauntlet.
You worshipped Vehumet.
Vehumet was exalted by your worship.
You visited 3 branches of the dungeon, and saw 22 of its levels.
You also visited: Bailey and Gauntlet.

You collected 3154 gold pieces.
You spent 2397 gold pieces at shops.

Inventory:

Hand Weapons
 a - a +5 scimitar (weapon)
 f - a +4 scimitar of flaming
 r - a +4 trident of venom
 s - a +2 vampiric dagger
 v - a +2 rapier of venom
 w - a +0 dagger of holy wrath
Missiles
 o - 73 poisoned darts
 H - 6 curare-tipped darts
 L - 10 boomerangs (quivered)
Armour
 h - a +0 pair of gloves (worn)
 q - a +2 robe of cold resistance
 y - a +2 helmet of intelligence (worn)
 F - a +0 buckler (worn)
 J - a +1 cloak (worn)
 K - a +1 pair of boots of rampaging (worn)
 N - the +3 leather armour of Okawaru's Inspiration (worn) {Str+4}
   (You found it on level 3 of the Lair of Beasts)

   Str:       It affects your strength (+4).
Magical Staves
 d - a staff of death
Jewellery
 A - an amulet of magic regeneration (around neck)
 G - the ring of Greed (left hand) {rElec rPois rN+ AC+4 Str-2}
   (You bought it in a shop on level 2 of the Dungeon)

   [ring of protection]

   AC:        It affects your AC (+4).
   Str:       It affects your strength (-2).
   rElec:     It insulates you from electricity.
   rPois:     It protects you from poison.
   rN:        It protects you from negative energy.
 M - an amulet of reflection
 T - the ring of the Mage (right hand) {Wiz Archmagi}
   (You bought it in a shop on level 2 of the Dungeon)

   [ring of wizardry]

   It improves your spell success rate.
   Archmagi:  It increases the power of your magical spells.
 V - a ring of ice
Wands
 c - a wand of roots (18)
 e - a wand of quicksilver (9)
 n - a wand of mindburst (4)
 C - a wand of flame (20)
 W - a wand of digging (21)
Scrolls
 l - 4 scrolls of fog
 u - 5 scrolls of enchant weapon
 x - 7 scrolls of teleportation
 z - 2 scrolls of magic mapping
 E - 3 scrolls of poison
 I - 3 scrolls of blinking
 O - 3 scrolls of acquirement
 R - 4 scrolls of fear
 S - 2 scrolls of silence
Potions
 b - 3 potions of magic
 g - 6 potions of curing
 i - 9 potions of attraction
 j - 2 potions of ambrosia
 k - a potion of resistance
 m - 7 potions of brilliance
 p - 3 potions of haste
 t - 2 potions of mutation
 B - 3 potions of lignification
 Q - a potion of cancellation
 X - 3 potions of heal wounds
 Y - 2 potions of flight
 Z - a potion of might


   Skills:
 * Level 9.2 Fighting
 + Level 3.2(4.9) Short Blades
 + Level 5.1(5.5) Long Blades
 + Level 1.5 Throwing
 - Level 4.7 Armour
 * Level 11.6 Dodging
 + Level 5.7 Stealth
 - Level 3.1 Shields
 * Level 19.3 Spellcasting
 * Level 8.8 Conjurations
 + Level 11.2 Necromancy
 + Level 4.4 Translocations
 + Level 4.0 Transmutations
 * Level 8.7 Fire Magic
 * Level 8.0 Ice Magic
 * Level 8.9 Air Magic
 + Level 7.5 Poison Magic
 + Level 1.0 Evocations


You couldn't memorise any spells.
You knew the following spells:

 Your Spells              Type           Power      Damage    Failure   Level
a - Magic Dart            Conj           100%       1d8       1%          1
c - Mephitic Cloud        Conj/Pois/Air  91%        N/A       1%          3
d - Vampiric Draining     Necr           100%       2d13      1%          3
f - Fireball              Conj/Fire      46%        3d18      1%          5
g - Ozocubu's Refrigerat  Ice            44%        4d17      10%         7
h - Iskenderun's Battles  Conj           93%        2d14      1%          5
l - Conjure Ball Lightni  Conj/Air       46%        3x3d16    1%          6
n - Ignite Poison         Fire/Tmut/Pois 84%        N/A       1%          3
p - Apportation           Tloc           100%       N/A       1%          1
r - Frozen Ramparts       Ice            100%       1d16      1%          3
t - Teleport Other        Tloc           73%        N/A       1%          3
v - Poisonous Vapours     Pois/Air       100%       N/A       1%          2
w - Wereblood             Tmut           71%        N/A       1%          2
y - Sticky Flame          Conj/Fire      92%        2d10      1%          4
z - Freezing Cloud        Conj/Ice/Air   45%        6-21      1%          5

Your spell library contained the following spells:

 Spells                   Type           Power      Damage    Failure   Level
 Foxfire                  Conj/Fire      100%       2x1d9     1%          1
 Necrotise                Necr           100%       1d9       1%          1
 Summon Small Mammal      Summ           100%       N/A       1%          1
 Lesser Beckoning         Tloc           100%       N/A       1%          2
 Sublimation of Blood     Necr           100%       N/A       1%          2
 Gell's Gravitas          Tloc           73%        N/A       1%          3
 Hailstorm                Conj/Ice       91%        3d18      1%          3
 Inner Flame              Hex/Fire       73%        N/A       1%          3
 Portal Projectile        Hex/Tloc       100%       N/A       1%          3
 Spider Form              Tmut/Pois      80%        N/A       1%          3
 Vhi's Electric Charge    Tloc/Air       100%       N/A       1%          3
 Animate Dead             Necr           100%       N/A       1%          4
 Manifold Assault         Tloc           73%        N/A       1%          4
 Passage of Golubria      Tloc           73%        N/A       1%          4
 Summon Ice Beast         Ice/Summ       71%        N/A       1%          4
 Agony                    Necr           100%       N/A       1%          5
 Arcjolt                  Conj/Air       46%        1d56      1%          5
 Plasma Beam              Fire/Air       46%        2x1d66    1%          6
 Starburst                Conj/Fire      46%        6d13      1%          6
 Petrify                  Tmut/Erth      60%        N/A       4%          4
 Silence                  Hex/Air        36%        N/A       4%          5
 Yara's Violent Unravell  Hex/Tmut       30%        3d13      4%          5
 Metabolic Englaciation   Hex/Ice        35%        N/A       6%          5
 Cause Fear               Hex            23%        N/A       11%         4
 Dispersal                Tloc           36%        N/A       26%         6
 Summon Mana Viper        Hex/Summ       46%        N/A       28%         5
 Ignition                 Fire           46%        3d13      41%         8
 Statue Form              Tmut/Erth      40%        N/A       54%         6
 Lehudib's Crystal Spear  Conj/Erth      36%        10d9      89%         8
 Enfeeble                 Hex            23%        N/A       100%        7
 Summon Hydra             Summ           23%        N/A       100%        7
 Discord                  Hex            23%        N/A       100%        8
 Disjunction              Tloc           36%        N/A       100%        8


Dungeon Overview and Level Annotations

Branches:
Dungeon (15/15)            Temple (0/1) D:6            Lair (5/5) D:11
 Shoals (0/4) Lair:2       Spider (0/4) Lair:3        Slime (0/5) Lair:5
    Orc (2/2) D:10            Elf (0/3) Orc:2        Vaults (0/5) D:13
 Depths (0/4) D:15         Bailey (visited)         Gauntlet (1/1)

Altars:
Dithmenos
Fedhas
Hepliaklqana
Nemelex Xobeh
Okawaru
Qazlal
Ru
Trog
Uskayaw
Vehumet
Zin
The Shining One
Jiyva

Shops:
D:2 =   D:4 (   D:11 *   Orc:2 **[:

Portals:
Pandemonium: Orc:2
Trove: D:12 (lose all piety)

Annotations:
D:9 gargoyle
D:11 gargoyle & earth elemental Gauntlet 11 transporters, exclusion: 2 lightning spires


Message History

The sticky flame hits you but does no damage.
You are covered in liquid flames!
The hell hound is frozen!
The wall freezes the hell hound!
You kill the hell hound!
Vehumet accepts your kill.
You feel your power returning.
The wall freezes the hell hound.
The balrug is frozen!
The wall freezes the balrug!
Casting: Frozen Ramparts (safe; 1% risk of failure)
Confirm with . or Enter, or press ? or * to list all spells.
Aiming: Freezing Cloud (mildly dangerous; 1% risk of failure)
Press: ? - help, Dir - move target
Okay, then.
Your +4 scimitar of flaming stops flaming.
a - a +5 scimitar (weapon)
You are covered in liquid flames!
The hell hound is frozen!
The wall freezes the hell hound!
You kill the hell hound!
Vehumet accepts your kill.
Okay, then.
Unknown command.
Unknown command.
You closely miss the balrug.
The balrug is lightly wounded.
You are covered in liquid flames!
The balrug is frozen!
The wall freezes the balrug.
The balrug gestures at you.
The fireball explodes!
The fireball engulfs you!!!
The fireball engulfs the balrug.
The balrug completely resists.
The balrug is frozen!
The wall freezes the balrug.
The balrug gestures at you. Something smites you!
Blink to where?
Press: ? - help, Dir - move target Your frozen ramparts will break if you move.
Continue?
The frozen ramparts melt away as you move.
As you read the scroll of blinking, it crumbles to dust.
You are covered in liquid flames!
The balrug gestures at you.
The fireball explodes!
The fireball engulfs you!!!
You die...

##§..#.##...##.#...#.#..##
#§...#..##.##..#...#t#....
##...#.Y.......#...#######
#≈...###########.....#.©.#
##......#.©.#........#...#
##.8...#.8.#...8....#.©.#
#≈.....#.©.#.....########
##...#########...#..=!©?2
#≈...###@©?[.#...#..##.##
##...###}###.#...#.#..#..
#≈...#.#..##.#...#.#..#..
##.8.#...§†..#.8.#..#####
#≈§..#.##2.#.#...#.#.©#..
##§..#.###.###...#.#..#..
#≈...#.....###...#..##.##
##...#########...#.......
#≈.......©.......########


You could see a dire elephant and a balrug.

Vanquished Creatures
  Rupert (Lair:4)
  2 storm dragons (D:14)
  2 orc warlords
  A stone giant (D:15)
  Azrael (Orc:2)
  2 fire dragons (Lair:5)
  4 vault guards (D:13)
  Harold (D:9)
  A demonspawn (Orc:2)
  4 hydras
  7 centaur warriors
  3 catoblepae
  8 boulder beetles
  4 two-headed ogres
  3 orc high priests (Orc:2)
  6 skeletal warriors
  Lodul (D:11)
  A skyshark (Lair:4)
  Pikel (D:6)
  A swamp dragon (Lair:5)
  2 lindwurms (Lair:5)
  8 deep elf pyromancers
  An oklob plant (Lair:5)
  A deep elf archer (D:14)
  A necromancer (D:14)
  12 ugly things
  8 orc knights
  21 cyclopes
  9 orc sorcerers (Orc:2)
  3 manticores
  Joseph (D:7)
  A merfolk siren (Lair:2)
  2 black mambas
  6 torpor snails
  A smoke demon (Orc:2)
  9 elephants (Lair:5)
  11 cane toads
  Psyche (D:11)
  A gargoyle (D:14)
  An unseen horror (shapeshifter) (D:14)
  3 rime drakes
  16 komodo dragons
  An unseen horror (D:13)
  4 kobold demonologists
  3 yaktaurs (D:15)
  4 tengu conjurers
  An efreet (D:14)
  A red devil (Orc:2)
  3 tyrant leeches (Lair:5)
  A meliai (D:14)
  2 merfolk (Lair:2)
  A polar bear (D:11)
  10 trolls
  10 hornets
  5 blink frogs (Lair:1)
  7 slime creatures (D:13)
  4 centaur simulacra (D:11)
  2 vampires
  A culicivora (Lair:3)
  4 wraiths
  33 yaks
  12 spriggans (Lair:3)
  5 basilisks
  A chaos spawn (Orc:2)
  3 fire elementals (Orc:2)
  3 steam dragons
  5 wyverns
  5 vampire mosquitoes
  Menkaure (D:7)
  3 wargs
  3 acid dragons
  6 ice beasts
  14 water moccasins
  6 hell hounds
  2 swamp drakes (Lair:5)
  A sky beast (D:6)
  A meliai simulacrum (D:14)
  43 orc warriors
  2 black bears
  18 ogres
  9 centaurs
  A tengu (shapeshifter) (D:13)
  12 wolves
  3 boggarts (Lair:3)
  A phantom (D:7)
  Blork the orc (D:5)
  6 kobold brigands
  4 gnoll sergeants
  10 bullfrogs
  3 scorpions
  10 wights
  20 killer bees
  2 howler monkeys (D:10)
  An electric eel (D:11)
  2 quasits
  3 gnoll boudas
  6 hounds
  A jelly (D:6)
  Crazy Yiuf (D:7)
  32 orc priests
  12 hell rats
  A sleepcap (D:5)
  7 iguanas
  14 orc wizards
  33 gnolls
  8 adders
  3 shadow imps
  9 white imps
  4 ufetubi
  A worm (D:4)
  3 dart slugs
  94 orcs
  6 ball pythons
  4 bats
  4 endoplasms
  9 goblins
  7 hobgoblins
  A quokka (D:1)
  4 frilled lizards
  24 kobolds
  A rat (D:2)
781 creatures vanquished.

Vanquished Creatures (collateral kills)
  A killer bee (D:10)
1 creature vanquished.

Vanquished Creatures (others)
  An orc (D:8)
  24 ball lightnings
25 creatures vanquished.

Grand Total: 807 creatures vanquished

Notes
Turn   | Place    | Note
-------+----------+-------------------------------------------
     0 | D:1      | Esekla the Deep Elf Necromancer began the quest for the
                  | Orb.
     0 | D:1      | Reached XP level 1. HP: 10/10 MP: 6/6
   152 | D:1      | Reached skill level 5 in Necromancy
   181 | D:1      | Reached XP level 2. HP: 13/15 MP: 8/8
   292 | D:4      | Found an iron altar of Okawaru.
   304 | D:4      | Found a radiant altar of Vehumet.
   308 | D:4      | Became a worshipper of Vehumet
   511 | D:3      | Identified the +5 rapier of the Hero {heavy, rN+ Dex+3}
   638 | D:2      | Found Renulab's Jewellery Shop.
   695 | D:2      | Noticed a black bear
   727 | D:1      | Reached XP level 3. HP: 19/19 MP: 9/9
   731 | D:1      | Learned a level 3 spell: Vampiric Draining
  1069 | D:2      | Reached skill level 1 in Short Blades
  1069 | D:2      | Reached XP level 4. HP: 13/24 MP: 4/11
  1252 | D:2      | Found a faded altar of an unknown god.
  1510 | D:3      | Reached * piety under Vehumet
  1510 | D:3      | Offered knowledge of Magic Dart by Vehumet.
  1513 | D:3      | Learned a level 1 spell: Magic Dart
  1778 | D:3      | Found a stormy altar of Qazlal.
  1780 | D:3      | Found a bloodstained altar of Trog.
  1782 | D:3      | Found a hazy altar of Hepliaklqana.
  1789 | D:3      | Reached skill level 4 in Spellcasting
  1792 | D:3      | Reached XP level 5. HP: 28/28 MP: 11/13
  2102 | D:2      | Killed a black bear
  2103 | D:2      | Reached skill level 1 in Conjurations
  2290 | D:4      | Found a glowing golden altar of the Shining One.
  2380 | D:4      | Reached XP level 6. HP: 23/32 MP: 8/15
  2452 | D:4      | Found a glowing silver altar of Zin.
  2539 | D:4      | Found Ponaysk's Antique Weapon Boutique.
  3046 | D:4      | Reached skill level 5 in Spellcasting
  3137 | D:5      | Entered Level 5 of the Dungeon
  3145 | D:5      | Got the Parchment of the Lumpy Olives
  3164 | D:5      | Found a shadowy altar of Dithmenos.
  3917 | D:5      | Reached ** piety under Vehumet
  3918 | D:5      | Reached skill level 1 in Translocations
  3918 | D:5      | Reached XP level 7. HP: 34/36 MP: 17/17
  3969 | D:5      | Offered knowledge of Poisonous Vapours by Vehumet.
  3973 | D:5      | Learned a level 2 spell: Poisonous Vapours
  4171 | D:5      | Reached skill level 1 in Throwing
  4171 | D:5      | Reached skill level 6 in Spellcasting
  4457 | D:6      | Reached skill level 1 in Poison Magic
  4553 | D:6      | Reached skill level 5 in Dodging
  4581 | D:6      | Found a staircase to the Ecumenical Temple.
  4639 | D:6      | Reached skill level 1 in Air Magic
  4644 | D:6      | Noticed Blork the orc
  4653 | D:5      | Killed Blork the orc
  4739 | D:6      | Reached XP level 8. HP: 41/41 MP: 19/19
  4887 | D:6      | Noticed Pikel
  4900 | D:6      | Killed Pikel
  4901 | D:6      | Reached skill level 7 in Spellcasting
  5288 | D:6      | Found a blossoming altar of Fedhas.
  5672 | D:7      | Learned a level 3 spell: Teleport Other
  5729 | D:7      | Reached skill level 8 in Spellcasting
  5729 | D:7      | Reached XP level 9. HP: 30/45 MP: 16/23
  5735 | D:7      | Offered knowledge of Mephitic Cloud by Vehumet.
  5740 | D:7      | Learned a level 3 spell: Mephitic Cloud
  5873 | D:7      | Noticed Menkaure
  6213 | D:7      | Reached *** piety under Vehumet
  6216 | D:7      | Noticed Joseph
  6220 | D:7      | Reached skill level 1 in Long Blades
  6640 | D:7      | HP: 2/45 [Menkaure/nerve-wracking pain (13)]
  6678 | D:7      | Killed Menkaure
  6679 | D:7      | Reached skill level 1 in Shields
  6813 | D:7      | Found a runed translucent door.
  6814 | D:7      | Noticed Crazy Yiuf
  6828 | D:7      | Killed Crazy Yiuf
  6944 | D:8      | Noticed a two-headed ogre
  7070 | D:8      | Reached skill level 9 in Spellcasting
  7227 | D:8      | Offered knowledge of Frozen Ramparts by Vehumet.
  7237 | D:7      | Learned a level 3 spell: Frozen Ramparts
  7440 | D:8      | Killed a two-headed ogre
  7441 | D:8      | Reached skill level 1 in Ice Magic
  7670 | D:8      | Reached **** piety under Vehumet
  7673 | D:8      | Reached XP level 10. HP: 50/50 MP: 13/25
  7758 | D:8      | Offered knowledge of Iskenderun's Battlesphere by Vehumet.
  7861 | D:8      | Found a transporter.
  7861 | D:8      | Found a transporter.
  7927 | D:8      | Found a hide-covered altar of Uskayaw.
  7947 | D:8      | Found a transporter.
  7951 | D:8      | Found a transporter.
  7958 | D:8      | Learned a level 5 spell: Iskenderun's Battlesphere
  8600 | D:7      | Killed Joseph
  8718 | D:9      | Noticed a two-headed ogre
  8746 | D:9      | Killed a two-headed ogre
  8747 | D:9      | Reached skill level 10 in Spellcasting
  8923 | D:9      | Found a flagged portal.
  8960 | Bailey   | Entered a bailey
  9350 | Bailey   | Identified the +2 bardiche of Puhoisos {heavy, rElec
                  | Stlth+}
  9354 | Bailey   | Noticed an orc knight
  9354 | Bailey   | Noticed an orc knight
  9367 | Bailey   | Killed an orc knight
  9411 | Bailey   | Killed an orc knight
  9651 | D:9      | Reached skill level 5 in Conjurations
  9746 | D:9      | Reached ***** piety under Vehumet
  9747 | D:9      | Reached skill level 11 in Spellcasting
  9863 | D:9      | Reached skill level 1 in Fighting
  9864 | D:9      | Offered knowledge of Plasma Beam by Vehumet.
  9876 | D:9      | Learned a level 6 spell: Plasma Beam
  9939 | D:9      | Found a sparkling altar of Nemelex Xobeh.
  9965 | D:9      | Noticed Harold
 10068 | D:9      | Noticed a cyclops
 10086 | D:9      | Killed a cyclops
 10196 | D:9      | Reached skill level 1 in Fire Magic
 10196 | D:9      | Reached XP level 11. HP: 44/56 MP: 28/28
 10464 | D:9      | Reached skill level 1 in Evocations
 10650 | D:9      | Killed Harold
 10765 | D:10     | Entered Level 10 of the Dungeon
 10951 | D:10     | Found a staircase to the Orcish Mines.
 11258 | D:10     | Found a sacrificial altar of Ru.
 11642 | Orc:1    | Entered Level 1 of the Orcish Mines
 11647 | Orc:1    | Noticed an orc knight
 11845 | D:2      | Bought the ring of the Mage {Wiz Archmagi} for 714 gold
                  | pieces
 11845 | D:2      | Found the ring of the Mage {Wiz Archmagi}
 12069 | D:11     | Noticed Lodul
 12070 | D:11     | Reached skill level 1 in Armour
 12335 | D:11     | Offered knowledge of Fireball by Vehumet.
 12348 | D:11     | Learned a level 5 spell: Fireball
 12357 | D:11     | Reached skill level 12 in Spellcasting
 12675 | D:11     | Found Fagafuf's Pet Rocks.
 12878 | D:11     | Got Simple Magic
 12908 | D:11     | Noticed Psyche
 12911 | D:11     | Noticed a two-headed ogre
 12921 | D:11     | Killed Psyche
 12928 | D:11     | Killed a two-headed ogre
 13029 | D:11     | Reached XP level 12. HP: 67/67 MP: 30/30
 13030 | D:11     | Reached skill level 10 in Necromancy
 13055 | D:11     | Killed Lodul
 13064 | D:11     | Reached skill level 13 in Spellcasting
 13240 | D:11     | Reached skill level 5 in Fighting
 13392 | D:11     | Found a staircase to the Lair.
 13623 | Lair:1   | Entered Level 1 of the Lair of Beasts
 14095 | Lair:1   | Reached skill level 5 in Air Magic
 14405 | Lair:1   | Offered knowledge of Conjure Ball Lightning by Vehumet.
 14413 | Lair:1   | Learned a level 6 spell: Conjure Ball Lightning
 14716 | Lair:2   | Reached skill level 14 in Spellcasting
 14950 | Lair:2   | Reached skill level 5 in Fire Magic
 15576 | Lair:2   | Found a transporter.
 15578 | Lair:2   | Found a transporter.
 15579 | Lair:2   | Noticed a boulder beetle
 15579 | Lair:2   | Noticed a boulder beetle
 15608 | Lair:2   | Found a staircase to the Shoals.
 16084 | Lair:2   | Killed a boulder beetle
 16087 | Lair:2   | Killed a boulder beetle
 16265 | Lair:3   | Reached skill level 15 in Spellcasting
 16371 | Lair:3   | Reached XP level 13. HP: 74/74 MP: 34/34
 16684 | Lair:3   | Identified the +3 leather armour of Okawaru's Inspiration
                  | {Str+4}
 16797 | Lair:3   | Found a hole to the Spider Nest.
 17431 | Lair:3   | Reached skill level 5 in Stealth
 17463 | Lair:4   | Noticed Rupert
 18176 | Lair:3   | Learned a level 3 spell: Ignite Poison
 18436 | Lair:4   | Killed Rupert
 18942 | Orc:1    | Reached skill level 16 in Spellcasting
 19258 | D:2      | Bought the ring of Greed {rElec rPois rN+ AC+4 Str-2} for
                  | 758 gold pieces
 19440 | Orc:2    | Entered Level 2 of the Orcish Mines
 19470 | Orc:2    | Offered knowledge of Freezing Cloud by Vehumet.
 19509 | Orc:1    | Learned a level 5 spell: Freezing Cloud
 19514 | Orc:1    | Learned a level 4 spell: Sticky Flame
 19525 | Orc:1    | Noticed an orc warlord
 19533 | Orc:1    | Reached skill level 5 in Ice Magic
 19533 | Orc:1    | Killed an orc warlord
 20194 | Orc:2    | Noticed an orc warlord
 20205 | Orc:2    | Killed an orc warlord
 20363 | Orc:2    | Reached skill level 5 in Poison Magic
 20441 | Orc:2    | Found a staircase to the Elven Halls.
 20739 | Orc:2    | Offered knowledge of Eringya's Noxious Bog by Vehumet.
 20895 | Orc:2    | Found Bamnuus's General Store.
 21008 | Orc:2    | Reached XP level 14. HP: 80/80 MP: 32/36
 21038 | Orc:2    | Found Roezostra's General Store.
 21089 | Orc:2    | Bought a scroll of identify for 34 gold pieces
 21175 | Orc:2    | Noticed Azrael
 21341 | Orc:2    | Killed Azrael
 21342 | Orc:2    | Reached skill level 10 in Dodging
 21627 | Orc:2    | Found Jyohez's Book Shop.
 21627 | Orc:2    | Found a one-way gate leading to the halls of Pandemonium.
 21627 | Orc:2    | Found Huzal's Antique Armour Boutique.
 21633 | Orc:2    | Bought a book of Cantrips for 180 gold pieces
 21635 | Orc:2    | Learned a level 1 spell: Apportation
 21639 | Orc:2    | Bought a runed helmet for 270 gold pieces
 21898 | Lair:5   | Entered Level 5 of the Lair of Beasts
 21969 | Lair:5   | Reached skill level 17 in Spellcasting
 22196 | Lair:5   | Reached skill level 1 in Transmutations
 22258 | Lair:5   | Offered knowledge of Starburst by Vehumet.
 22402 | Lair:5   | Found a runed translucent door.
 22575 | Lair:5   | Reached skill level 5 in Long Blades
 22920 | Lair:5   | Found a viscous altar of Jiyva.
 22921 | Lair:5   | Found a staircase to the Slime Pits.
 23533 | Lair:5   | Got Utragud's Papyrus of the Inquisitive Olives
 23912 | D:11     | Bought a wand of digging (7) for 441 gold pieces
 24102 | D:12     | Learned a level 2 spell: Wereblood
 24363 | D:12     | Reached XP level 15. HP: 63/88 MP: 35/38
 24515 | D:12     | Found a portal to a secret trove of treasure.
 25752 | D:13     | Found a gate to the Vaults.
 25988 | D:13     | Reached skill level 18 in Spellcasting
 27114 | D:14     | Noticed a storm dragon
 27132 | D:14     | Killed a storm dragon
 27223 | D:14     | Reached ****** piety under Vehumet
 27239 | D:14     | Offered knowledge of Ozocubu's Refrigeration by Vehumet.
 27251 | D:14     | Noticed a storm dragon
 27263 | D:14     | Killed a storm dragon
 27629 | D:14     | Reached skill level 19 in Spellcasting
 28171 | D:15     | Entered Level 15 of the Dungeon
 28196 | D:15     | Reached XP level 16. HP: 94/96 MP: 41/41
 28210 | D:15     | Learned a level 7 spell: Ozocubu's Refrigeration
 28331 | D:15     | Found a gate leading to a gauntlet.
 28382 | D:15     | Found a staircase to the Depths.
 28413 | Gauntlet | Entered a Gauntlet
 28413 | Gauntlet | Found a transporter.
 28416 | Gauntlet | Found a transporter.
 28418 | Gauntlet | Found a transporter.
 28421 | Gauntlet | Found a transporter.
 28421 | Gauntlet | Found a transporter.
 28422 | Gauntlet | Found a transporter.
 28457 | Gauntlet | Found a transporter.
 28466 | Gauntlet | Found a transporter.
 28467 | Gauntlet | Found a transporter.
 28504 | Gauntlet | Found a transporter.
 28524 | Gauntlet | Found a transporter.
 28570 | Gauntlet | Found a transporter.
 28770 | Gauntlet | Killed from afar by a balrug

Illustrated notes

Levels and vault maps discovered:
D:1:      sevenhm_arrival_forest_fort_small_3, layout_rooms,
          chequers_serial_rivers_room_b, minmay_misc_feat_five
D:2:      layout_loops_ring, dreamdust_ecumenical_altar_angels_and_demons,
          serial_shops, shop
D:3:      layout_basic, grunt_temple_overflow_open, minmay_misc_feat_iff
D:4:      layout_basic, nicolae_overflow_quartered_altars, serial_shops,
          nicolae_diamond_shop
D:5:      layout_loops_ring, lemuel_doored_altar, minmay_misc_feat_rows,
          dreamdust_wishing_well
D:6:      layout_loops_cross, fedhas_altar_fruit_tree,
          minmay_temple_entry_glass, uniq_pikel, uniq_blork_the_orc
D:7:      layout_basic, uniq_menkaure, uniq_joseph, uniq_crazy_yiuf_cottage
D:8:      layout_basic, nicolae_uskayaw_dance_hall, serial_demonic,
          serial_demonic_d, serial_demonic_a, serial_demonic_c,
          serial_demonic_c, nicolae_diode_quadrants
D:9:      layout_irregular_city, kennysheep_little_box, enter_bailey_4,
          minmay_between, uniq_harold
D:10:     layout_basic, nicolae_ru_awakened_eye
D:11:     layout_rooms, hellmonk_lair_entry_icy, serial_ice, serial_ice_j,
          serial_ice_m, serial_ice_o, serial_ice_c, serial_ice_g, serial_ice_f,
          guppyfry_shop_earth, uniq_psyche, uniq_lodul
D:12:     layout_roguey, nicolae_trove_entry_crossroad
D:13:     layout_loops_ring, lightli_vaults_fourway_checkpoint
D:14:     nzn_winding_woodlands_large [nzn_winding_woodlands_5x5_checkerboard,
          nzn_winding_woodlands_5x15_longhouse,
          nzn_winding_woodlands_5x5_default,
          nzn_winding_woodlands_center_garden,
          nzn_winding_woodlands_15x15_five_gardens,
          nzn_winding_woodlands_center_lodge, nzn_winding_woodlands_5x5_default,
          nzn_winding_woodlands_5x15_crooked, nzn_winding_woodlands_5x5_three],
          layout_loops_corners
D:15:     grunt_enter_depths_giant_problem, layout_rooms,
          nicolae_qazlal_scattered_showers, gauntlet_entry_generic
Lair:1:   layout_small_grid
Lair:2:   gammafunk_boulding_lane, layout_small_grid, elwin_shoals_entry_rooms
Lair:3:   kb_forest_paths, layout_chaotic_city, spider_nest_entry_rubble
Lair:4:   layout_hall_layers, grunt_megastairs_3, lemuel_fruit_fields,
          uniq_rupert
Lair:5:   guppyfry_lair_end_dragon, layout_misc_corridors, wormcave,
          dpeg_slime_entry_enclosed
Orc:1:    layout_caves
Orc:2:    pf_orc_diabolical, layout_diamond_mine, uniq_azrael
Gauntlet: minmay_gauntlet_mixed_oops_all_seconds
          [minmay_gauntlet_arena_77_block_sizes,
          nicolae_gauntlet_arena_quarters, minmay_gauntlet_arena_77_p_blocks,
          nicolae_gauntlet_arena_grate_2, minmay_gauntlet_arena_77_squiggly,
          gammafunk_gauntlet_arena_split_diamond, gauntlet_exit_green]

Skill      XL: |  1  2  3  4  5  6  7  8  9 10 11 12 13 14 15 16 |
---------------+-------------------------------------------------+-----
Necromancy     | 5 6 7 8 9 10 11 | 11.2
Dodging        | 3 4 5 6 7 8 9 10 11 | 11.6
Short Blades   | 1 2 3 |  3.2
Stealth        | 3 4 5 |  5.7
Spellcasting   | 4 5 6 8 9 11 12 15 16 17 19 | 19.3
Conjurations   | 1 2 3 4 5 6 7 8 |  8.8
Translocations | 1 2 4 |  4.4
Throwing       | 1 |  1.5
Poison Magic   | 1 2 3 4 5 6 7 |  7.5
Air Magic      | 1 2 3 4 5 6 7 8 |  8.9
Long Blades    | 1 2 3 4 5 |  5.1
Shields        | 1 2 3 |  3.1
Ice Magic      | 2 3 4 5 6 7 8 |  8.0
Fighting       | 2 4 5 6 8 9 |  9.2
Fire Magic     | 1 4 5 6 7 8 |  8.7
Evocations     | 1 |  1.0
Armour         | 2 3 4 |  4.7
Transmutations | 1 3 4 |  4.0

Action                     |  1- 3 |  4- 6 |  7- 9 | 10-12 | 13-15 | 16-18 || total
---------------------------+-------+-------+-------+-------+-------+-------++-------
  Melee: Short sword       |    39 |       |       |       |       |       ||    39
         Unarmed           |     6 |       |       |       |       |       ||     6
         Rapier            |    34 |    33 |       |       |       |       ||    67
         Punch             |     1 |     2 |     4 |       |       |       ||     7
         Dagger            |       |    67 |    53 |    31 |    27 |       ||   178
         Scimitar          |       |       |   123 |   202 |   215 |    12 ||   552
         Long sword        |       |       |       |    22 |       |       ||    22
  Throw: Dart              |       |    19 |    11 |     3 |       |       ||    33
         Boomerang         |       |       |       |     8 |    15 |     2 ||    25
   Cast: Vampiric Draining |     4 |    32 |    66 |    95 |    73 |       ||   270
         Magic Dart        |       |    13 |     4 |       |       |       ||    17
         Poisonous Vapours |       |       |    35 |   149 |   232 |    13 ||   429
         Mephitic Cloud    |       |       |     6 |    61 |    50 |     2 ||   119
         Teleport Other    |       |       |     2 |     3 |       |       ||     5
         Iskenderun's Batt |       |       |       |     2 |       |       ||     2
         Frozen Ramparts   |       |       |       |    49 |    51 |     3 ||   103
         Fireball          |       |       |       |    11 |     2 |       ||    13
         Plasma Beam       |       |       |       |     2 |     1 |       ||     3
         Ignite Poison     |       |       |       |       |   144 |     8 ||   152
         Conjure Ball Ligh |       |       |       |       |     9 |       ||     9
         Freezing Cloud    |       |       |       |       |    23 |       ||    23
         Sticky Flame      |       |       |       |       |    20 |       ||    20
  Evoke: Wand              |       |     3 |    21 |    14 |       |       ||    38
    Use: Scroll            |       |     1 |     7 |    10 |    10 |     2 ||    30
         Potion            |       |       |     4 |     4 |     4 |       ||    12
   Stab: Sleeping          |     4 |     1 |     5 |     9 |    15 |       ||    34
         Confused          |       |       |       |    21 |     6 |     1 ||    28
         Distracted        |       |       |       |     1 |     1 |       ||     2
         Petrifying        |       |       |       |       |     1 |       ||     1
 Armour: Robe              |    11 |    19 |    71 |    11 |       |       ||   112
         Steam dragon scal |       |       |       |    37 |     2 |       ||    39
         Leather armour    |       |       |       |       |   130 |     6 ||   136
  Dodge: Dodged            |    58 |    85 |   251 |   205 |   249 |     8 ||   856
  Block: Buckler           |       |       |       |    47 |    75 |     2 ||   124
